 Dungeon Crawl Stone Soup version 0.20-a0-1039-gf554463 (webtiles) character file.

693183 Megalobster the Sorcerer (level 27, 0/246 (249) HPs)
             Began as a Deep Elf Conjurer on Apr 19, 2017.
             Was the Champion of Vehumet.
             Engulfed by an ushabti's foul pestilence (2 damage)
             ... on level 2 of the Tomb of the Ancients on Apr 22, 2017.
             The game lasted 16:50:28 (106234 turns).

Megalobster the Sorcerer (Deep Elf Conjurer)      Turns: 106234, Time: 16:50:28

HP:   0/246 (249)   AC: 33    Str: 10      XL:     27
MP:   38/67         EV:  2    Int: 39      God:    Vehumet [******]
Gold: 5633          SH:  0    Dex: 16 (19) Spells: 1/72 levels left

rFire    + . .     SeeInvis +   b - staff of power
rCold    + . .     Gourm    .   W - +3 warlock's mirror {reflect}
rNeg     + + +     Faith    .   (armour currently unavailable)
rPois    +         Spirit   .   (helmet currently unavailable)
rElec    .         Reflect  +   (cloak currently unavailable)
rCorr    .         Harm     .   (gloves currently unavailable)
MR       +++..     NoTele   +   (boots currently unavailable)
Stlth    ++........             z - macabre finger necklace {rN+}
Regen    0.0/turn               e - ring of Rydauveyl {+Blink rC+ rN+ Str+5}
MPRegen  0.4/turn               Q - ring of Hummewk {rN+ MR+ Dex+4 SInv}
                                v - ring of Boshry {rF+ rN+}

@: confused, brilliant, tree-form, disjoining, flayed, very slightly
contaminated, non-regenerating, diseased, slowed, very slow
A: no striking features
}: 4/15 runes: decaying, serpentine, slimy, silver
a: Renounce Religion, Evoke Blink


You were on level 2 of the Tomb of the Ancients.
You worshipped Vehumet.
Vehumet was exalted by your worship.
You were full.
You were a tree.
You visited 13 branches of the dungeon, and saw 56 of its levels.

You collected 8892 gold pieces.
You spent 3259 gold pieces at shops.

Inventory:

Armour
 m - +5 swamp dragon scales
 n - a +2 pair of gloves (melded)
 p - the +0 pair of boots "Hicefour" (melded) {Int+5 Slay+2}
   (You found it on level 3 of the Vaults)

   It affects your intelligence (+5).
   It affects your accuracy and damage with ranged weapons and melee attacks
   (+2).
 s - a +2 robe of resistance (melded)
 F - a scarf of resistance (melded)
 L - the +0 Maxwell's etheric cage (melded) {RegenMP+ *Contam rElec MP+4}
   (You bought it in a shop on level 2 of the Vaults)

   It insulates you from electricity.
   It affects your magic capacity (+4).
   It causes magical contamination when unequipped.
 W - the +3 warlock's mirror (worn) {reflect}
   (You found it on level 13 of the Dungeon)
Magical Staves
 a - an uncursed staff of fire
 b - an uncursed staff of power (weapon)
 X - an uncursed staff of energy
Jewellery
 e - the ring of Rydauveyl (left branch) {+Blink rC+ rN+ Str+5}
   (You took it off a deep elf annihilator on level 3 of the Elven Halls)

   [ring of strength]

   It affects your strength (+5).
   It protects you from cold.
   It protects you from negative energy.
   It lets you blink.
 t - an uncursed ring of flight
 v - the ring of Boshry (on amulet) {rF+ rN+}
   (You took it off a necromancer on level 3 of the Crypt)

   [ring of positive energy]

   It protects you from fire.
   It protects you from negative energy.
 w - an uncursed ring of magical power
 y - an uncursed ring of protection from magic
 z - the macabre finger necklace (around neck) {rN+}
   (You took it off an orc sorcerer on level 2 of the Orcish Mines)

   [amulet of nothing]

   It protects you from negative energy.
 Q - the ring of Hummewk (right branch) {rN+ MR+ Dex+4 SInv}
   (You took it off a necromancer on level 3 of the Crypt)

   [ring of positive energy]

   It affects your dexterity (+4).
   It protects you from negative energy.
   It affects your resistance to hostile enchantments.
   It lets you see invisible.
Wands
 B - a wand of lightning (3/15)
 N - a wand of digging (10/24)
 Z - a wand of clouds (4/9)
Scrolls
 f - 25 scrolls of teleportation
 g - 25 scrolls of remove curse
 k - 14 scrolls of recharging
 x - 11 scrolls of fear
 E - 2 scrolls of blinking
 H - 14 scrolls of fog
 R - 3 scrolls of silence
 U - 2 scrolls of identify
Potions
 l - 10 potions of cancellation
 q - 2 potions of brilliance
 u - 12 potions of lignification
 K - 17 potions of curing
 M - 6 potions of agility
 P - 2 potions of magic
 Y - 7 potions of haste
Miscellaneous
 c - a lamp of fire
 h - a crystal ball of energy
 o - a fan of gales
 C - a phial of floods
 J - a lightning rod (2/4)
Comestibles
 i - 3 bread rations
 r - 5 royal jellies
 A - 5 meat rations
 I - 7 fruits


   Skills:
 * Level 15.3 Fighting
 * Level 9.8 Armour
 + Level 18.7 Dodging
 - Level 15.8 Stealth
 + Level 13.2 Shields
 + Level 23.0 Spellcasting
 + Level 22.7 Conjurations
   Level 9.2 Hexes
 - Level 11.0 Summonings
 * Level 15.6 Translocations
 + Level 20.4 Fire Magic
   Level 2.3 Ice Magic
 - Level 12.7 Earth Magic
 - Level 10.8 Evocations


You had one spell level left.
You knew the following spells:

 Your Spells              Type           Power        Failure   Level  Hunger
a - Bolt of Fire          Conj/Fire      ########..   0%          6    None
b - Monstrous Menagerie   Summ           ########..   1%          7    None
c - Spellforged Servitor  Conj/Summ      ########..   1%          7    None
d - Force Lance           Conj/Tloc      ########     0%          4    None
e - Disjunction           Tloc           ########..   1%          8    None
f - Swiftness             Chrm/Air       ######..     1%          2    None
g - Fireball              Conj/Fire      ########..   0%          5    None
h - Orb of Destruction    Conj           ########..   1%          7    None
i - Shroud of Golubria    Chrm/Tloc      #######...   1%          2    None
j - Iron Shot             Conj/Erth      ########..   1%          6    None
k - Fire Storm            Conj/Fire      ########..   1%          9    ###....
l - Lehudib's Crystal Sp  Conj/Erth      ########..   1%          8    None


Dungeon Overview and Level Annotations

Branches:
Dungeon (15/15)            Temple (1/1) D:5            Lair (6/6) D:10
  Swamp (4/4) Lair:4        Snake (4/4) Lair:3        Slime (5/5) Lair:5
    Orc (2/2) D:9             Elf (3/3) Orc:2        Vaults (5/5) D:13
  Crypt (3/3) Vaults:3       Tomb (2/3) Crypt:3      Depths (5/5) D:15
    Zot (1/5) Depths:5

Altars:
Ashenzari
Cheibriados
Elyvilon
Gozag
Kikubaaqudgha
Makhleb
Nemelex Xobeh
Qazlal
Ru
Sif Muna
Uskayaw
Vehumet
Xom
Yredelemnul
Zin
Beogh
Lugonu

Shops:
D:4 (   D:8 [   Orc:2 *??   Vaults:1 *   Vaults:2 [   Vaults:4 }   Depths:5 =

Portals:
Hell: Depths:1 Depths:2 Depths:3 Depths:4 Depths:5
Abyss: Depths:4
Pandemonium: Depths:3 Depths:4
Ziggurat: Depths:3


Innate Abilities, Weirdness & Mutations

((You have sharp fingernails.))
((You have sharp toenails.))
((You are partially covered in yellow scales. (AC +2)))


Message History

You're too confused to cast spells.
Okay, then.
You are engulfed in dark miasma.
You feel your flesh rotting away!
You feel as though you will be slow longer.
* * * LOW HITPOINT WARNING * * *
The death scarab blinks!
The flayed ghost blinks!
The freezing wraith blinks!
The ushabti blinks!
The mummy priest blinks!
The ushabti blinks!
The fire giant skeleton blinks!
The soul eater blinks!
The mummy priest blinks!
The ushabti shakes and rattles deafeningly!
The death scarab bites you!
* * * LOW HITPOINT WARNING * * *
The death scarab drains your vigour!
You feel as though you will be slow longer.
The ushabti shakes and rattles.
The vile air hits you!
The mummy priest prays to its god.
You're too confused to cast spells.
You are engulfed in dark miasma.
You die...

#.. ..# #...
...#
....#######....
...3M......8...
....8.....§....
......W..§...?v
....§.sM§......
W8...§Z♣.MM§$..
..3M.4§..§..v..
..M..M...WZ..W.
W.sZ..........8
..ZMZW.........
...M#######.8v(
#.Zn ...# #W.
..#


You could see 3 greater mummies, an emperor scorpion, 4 mummy priests, a soul
eater, 3 flayed ghosts, 2 shadow wraiths, a hellwing, a guardian mummy, 5
ushabtiu, 2 freezing wraiths, a spectral four-headed hydra, a spectral frost
giant, a spectral shock serpent, a smoke demon, a death scarab, a necrophage, a
mummy, a storm dragon simulacrum, an emperor scorpion zombie, a fire giant
skeleton and 3 friendly fire vortices.

Vanquished Creatures
  the Royal Jelly (Slime:5)
  Khufu (Crypt:2)
  Mara (Depths:2)
  An ancient lich (Vaults:5)
  2 juggernauts
  5 greater mummies
  Boris (Vaults:3)
  Bai Suzhen (Vaults:3)
  Frederick (Vaults:2)
  A caustic shrike (Depths:3)
  5 golden dragons
  3 bone dragons
  Jorgrun (Vaults:1)
  6 tentacled monstrosities
  4 liches
  5 deep elf blademasters
  8 titans
  A large abomination (Vaults:5)
  3 quicksilver dragons
  3 deep elf master archers (Elf:3)
  18 acid blobs
  4 death cobs (Zot:1)
  9 sphinxes
  A thorn hunter (Swamp:4)
  7 shadow dragons
  10 storm dragons
  13 tengu reavers
  11 azure jellies
  10 fire giants
  3 revenants
  4 iron dragons
  10 nagarajas
  10 frost giants
  7 deep elf sorcerers
  A draconian scorcher (Zot:1)
  5 ghouls
  2 draconian shifters
  16 vault wardens
  2 orc warlords
  A draconian knight (Depths:5)
  6 curse skulls
  A caustic shrike zombie (Depths:1)
  7 spriggan defenders
  4 deep elf elementalists (Elf:3)
  2 draconian annihilators (Zot:1)
  16 stone giants
  2 war gargoyles (Vaults:5)
  25 very ugly things
  4 reapers (Crypt:3)
  14 ironheart preservers
  2 entropy weavers (Lair:6)
  7 vampire knights
  3 green draconians
  3 deep elf demonologists
  2 black draconians (Zot:1)
  A bennu (Tomb:1)
  5 yellow draconians
  8 deep elf annihilators
  A dire elephant (Lair:6)
  3 white draconians (Depths:5)
  12 spark wasps
  2 purple draconians
  12 ettins
  9 eidola
  7 death oozes (Slime:5)
  8 jiangshi
  9 fire dragons
  6 mummy priests
  10 deep elf high priests
  A merfolk impaler (Depths:3)
  16 deep elf death magi
  15 yaktaur captains
  8 rakshasas
  11 ice dragons
  6 spriggan air magi
  9 great orbs of eyes
  4 ghost crabs
  19 naga warriors
  16 hydras
  15 centaur warriors
  The ghost of zhorgal the Spear-Bearer, a journeyman FoFi of Ru (Lair:3)
  A quicksilver dragon skeleton (Crypt:3)
  34 vault guards
  A catoblepas (Lair:6)
  2 death knights
  12 deep troll shamans
  A two-headed ogre (shapeshifter) (Vaults:4)
  14 anacondas
  26 dancing weapons
  21 ogre magi
  51 two-headed ogres
  5 alligators
  11 tengu warriors
  20 death scarabs (Tomb:1)
  3 hell hogs (Depths:4)
  6 vampire magi
  5 orc high priests (Orc:2)
  5 death yaks (Lair:6)
  10 deep troll earth magi
  5 spriggan berserkers (Depths:3)
  24 deep elf knights
  7 soul eaters
  A queen ant (Lair:6)
  24 naga sharpshooters
  8 shock serpents
  4 iron trolls
  Urug (D:11)
  9 small abominations
  A storm dragon zombie (Crypt:3)
  3 hell knights
  26 skeletal warriors
  5 salamander mystics
  3 shadow wraiths
  An iron giant zombie (Crypt:1)
  24 deep trolls
  A ghost moth zombie (Crypt:2)
  A death drake (Swamp:4)
  5 unseen horrors
  13 wizards
  9 flayed ghosts
  The ghost of FrancescoMac the Slinger, a novice HaHu of Dithmenos (D:8)
  A swamp dragon (shapeshifter) (Depths:3)
  17 naga ritualists
  2 shambling mangroves
  3 spectral hydras (Swamp:4)
  5 glowing orange brains
  2 spriggan druids
  3 lindwurms
  4 swamp dragons
  15 phantasmal warriors
  2 shadow dragon zombies (Crypt:3)
  15 deep elf archers
  4 anaconda skeletons (Crypt:3)
  31 orc knights
  73 deep elf magi
  18 necromancers
  2 wolf spider zombies (Crypt:3)
  3 harpies (Vaults:3)
  15 ironbrand convokers
  2 lindwurms (shapeshifter) (D:15)
  39 ugly things
  18 mana vipers
  12 wolf spiders
  A manticore (shapeshifter) (Vaults:1)
  3 oklob plants (Lair:3)
  A frost giant zombie (Crypt:3)
  A shining eye (shapeshifter) (Vaults:1)
  2 mana vipers (shapeshifter)
  15 salamanders
  8 orc sorcerers
  A wolf spider (shapeshifter) (Vaults:5)
  4 cyclopes
  2 manticores
  6 shining eyes
  2 moths of wrath (shapeshifter)
  A black mamba (shapeshifter) (Vaults:1)
  18 elephants
  18 vault sentinels
  4 moths of wrath (Zot:1)
  49 black mambas
  Joseph (D:8)
  16 guardian serpents
  An eye of devastation (Slime:2)
  26 naga magi
  A stone giant skeleton (Crypt:1)
  A gargoyle (D:11)
  6 spiny frogs
  A titan simulacrum (Vaults:4)
  2 dire elephant zombies
  5 rime drakes
  A torpor snail (Lair:6)
  A centaur skeleton (D:15)
  6 komodo dragons
  3 swamp worm zombies (Swamp:4)
  13 hellwings (Crypt:3)
  72 yaktaurs
  7 freezing wraiths
  2 kobold demonologists (D:15)
  7 tengu conjurers
  11 guardian mummies
  A jumping spider (shapeshifter) (Vaults:5)
  13 trolls
  A death drake zombie (Crypt:2)
  A jumping spider (Crypt:3)
  5 polar bears
  3 meliai (D:13)
  5 tyrant leeches
  2 queen bees
  A catoblepas skeleton (Crypt:3)
  A blink frog (shapeshifter) (Depths:4)
  A harpy zombie (Crypt:1)
  23 blink frogs
  13 bog bodies
  A tengu simulacrum (Vaults:1)
  13 hornets
  A meliai zombie (D:11)
  An ettin zombie (Crypt:3)
  17 hippogriffs
  2 spectral swamp dragons (Swamp:4)
  3 alligator zombies (Swamp:4)
  2 raiju (shapeshifter)
  2 fire giant simulacra (Depths:1)
  A stone giant simulacrum (Depths:1)
  191 slime creatures
  A hippogriff (shapeshifter) (Vaults:1)
  A fire dragon zombie (Crypt:3)
  14 air elementals
  5 shadows
  3 ettin skeletons
  A vampire (D:14)
  23 water elementals
  A spriggan (shapeshifter) (Vaults:3)
  30 flying skulls
  A redback (shapeshifter) (Vaults:5)
  4 spriggans
  3 redbacks (Crypt:3)
  An ice dragon skeleton (Crypt:2)
  3 wyverns
  19 wraiths
  3 ushabtiu
  4 humans (shapeshifter)
  70 yaks
  8 fire elementals
  4 basilisks
  4 golden eyes (Slime:5)
  26 vampire mosquitoes
  2 hungry ghosts (D:7)
  A yaktaur simulacrum (Vaults:2)
  25 swamp worms
  32 insubstantial wisps
  9 wargs
  2 acid dragons
  86 nagas
  5 soldier ants (Lair:6)
  12 water moccasins
  A spiny frog zombie (Crypt:3)
  9 hell hounds (Depths:4)
  A monstrous demonspawn skeleton (Crypt:1)
  6 porcupines
  78 orc warriors
  A deep troll skeleton (Crypt:1)
  8 swamp drakes
  6 swamp dragon zombies (Swamp:4)
  2 manticore zombies
  2 ice beasts
  4 sky beasts
  3 black bears
  An eye of draining (Slime:5)
  8 phantoms
  24 wolves
  6 necrophages
  48 ogres
  An ettin simulacrum (Crypt:2)
  3 snapping turtle zombies
  An elephant zombie (Lair:5)
  4 boggarts (Depths:4)
  An elf zombie (Vaults:4)
  An ogre (shapeshifter) (Depths:4)
  A swamp dragon skeleton (Crypt:3)
  19 centaurs
  A human skeleton (Vaults:4)
  17 crocodiles
  A dream sheep skeleton (Crypt:2)
  3 big kobolds
  12 bullfrogs
  5 earth elementals
  2 gnoll sergeants
  An elf simulacrum (Vaults:1)
  5 wyvern skeletons (Crypt:3)
  A warg zombie (Crypt:2)
  A scorpion (Lair:2)
  A polar bear zombie (Crypt:1)
  31 killer bees
  26 wights
  7 electric eels
  6 howler monkeys
  2 bullfrog zombies
  14 crimson imps
  3 centaur zombies
  4 quasits
  6 jellies
  7 hounds
  49 orc priests
  37 orc wizards
  2 bullfrog skeletons
  4 iguanas
  7 hell rats (Lair:2)
  30 worker ants
  2 crocodile zombies
  2 tengu zombies (Crypt:3)
  A felid skeleton (Crypt:1)
  A hound zombie (D:7)
  13 mummies
  19 gnolls
  2 swamp drake zombies (Swamp:4)
  14 adders
  13 river rats (Lair:2)
  3 shadow imps
  4 oozes
  An adder skeleton (D:6)
  4 worms
  2 dart slugs
  6 leopard geckos
  163 orcs
  5 ball pythons
  8 giant cockroaches
  12 goblins
  7 hobgoblins
  6 jackals
  13 quokkas
  10 bats
  8 frilled lizards
  A hobgoblin skeleton (Crypt:2)
  A jackal skeleton (D:7)
  21 kobolds
  An orc zombie (Crypt:1)
  A quokka skeleton (D:5)
  17 rats
  A river rat skeleton (Crypt:1)
  10 crawling corpses
  9 fire vortices
  9 fungi
  40 plants
  4 withered plants (Crypt:3)
3184 creatures vanquished.

Vanquished Creatures (collateral kills)
  An ancient lich (Crypt:3)
  Sojobo (Crypt:1)
  A greater mummy (Tomb:1)
  Margery (Crypt:1)
  Vashnia (Snake:4)
  A tentacled monstrosity (Vaults:5)
  A lich (Depths:3)
  A quicksilver dragon (Zot:1)
  A sphinx (Tomb:1)
  2 tengu reavers
  A nagaraja (Depths:4)
  An iron dragon (Vaults:5)
  A fire giant (Vaults:4)
  4 vault wardens
  Aizul (Snake:1)
  A ghoul (Crypt:2)
  A very ugly thing (Depths:4)
  3 stone giants
  3 ironheart preservers
  A vampire knight (Crypt:2)
  Azrael (D:13)
  A deep elf annihilator (Elf:3)
  A bennu (Tomb:1)
  Josephine (D:13)
  A great orb of eyes (Depths:3)
  A jiangshi (Crypt:2)
  A deep elf high priest (Elf:1)
  4 naga warriors
  2 yaktaur captains
  A small abomination (Vaults:5)
  An anaconda (Snake:4)
  2 vault guards
  2 death scarabs (Tomb:1)
  An ogre mage (Depths:1)
  A shock serpent (Snake:1)
  A soul eater (Crypt:3)
  A hell knight (Crypt:1)
  A fire crab (shapeshifter) (Vaults:3)
  3 skeletal warriors
  3 deep elf knights
  A shadow wraith (Vaults:3)
  A deep elf archer (Elf:1)
  3 ugly things
  A salamander (Snake:2)
  A black mamba (Snake:4)
  7 deep elf magi (Elf:1)
  A stone giant skeleton (Crypt:1)
  2 guardian serpents
  A naga mage (Snake:2)
  A komodo dragon (shapeshifter) (D:14)
  A queen bee (shapeshifter) (Vaults:2)
  8 slime creatures
  An ettin zombie (Crypt:2)
  A shadow (Crypt:2)
  A fire dragon skeleton (Crypt:3)
  A flying skull (Tomb:1)
  3 water elementals
  4 wraiths (D:13)
  A warg (Vaults:2)
  A vampire mosquito (D:15)
  6 nagas
  An orc warrior (D:15)
  A swamp dragon zombie (Crypt:3)
  An ogre (Depths:1)
  A centaur (Depths:3)
  A snapping turtle skeleton (Tomb:1)
  3 wyvern skeletons (Crypt:3)
  A killer bee (Depths:3)
  A wight (Crypt:2)
  An orc priest (Vaults:2)
  An acid dragon skeleton (Crypt:1)
  A naga skeleton (Crypt:2)
  A mummy (Tomb:2)
  4 crawling corpses (Vaults:5)
  A fire vortex (Tomb:2)
124 creatures vanquished.

Vanquished Creatures (others)
  A nagaraja (Snake:2)
  A merfolk javelineer (Depths:2)
  A centaur warrior (Vaults:4)
  A cyclops (D:12)
  An elephant (Lair:6)
  A spiny frog (Swamp:2)
  3 yaktaurs
  2 slime creatures (D:13)
  3 flying skulls (Tomb:2)
  2 yaks (Lair:6)
  A swamp worm (Swamp:4)
  A boggart (Depths:4)
  A water moccasin skeleton (D:7)
  2 worker ants (Lair:6)
  A mummy (Tomb:2)
  2 orcs (D:8)
  2 bushes (Lair:6)
  574 fire vortices
  390 fulminant prisms
  23 fungi
  46 plants
  12 withered plants (Crypt:3)
1071 creatures vanquished.

Grand Total: 4379 creatures vanquished

Notes
Turn   | Place    | Note
-------+----------+-------------------------------------------
     0 | D:1      | Megalobster the Deep Elf Conjurer began the quest for the Orb.
     0 | D:1      | Reached XP level 1. HP: 10/10 MP: 6/6
   264 | D:1      | Reached XP level 2. HP: 15/15 MP: 4/8
   268 | D:1      | Learned a level 2 spell: Searing Ray
  1173 | D:1      | Reached skill level 5 in Conjurations
  1204 | D:1      | Reached skill level 4 in Spellcasting
  1310 | D:1      | Reached XP level 3. HP: 19/19 MP: 6/10
  2055 | D:2      | Reached XP level 4. HP: 16/24 MP: 2/12
  2212 | D:2      | Learned a level 4 spell: Iskenderun's Mystic Blast
  2217 | D:2      | Learned a level 4 spell: Force Lance
  2408 | D:2      | Reached skill level 1 in Translocations
  2728 | D:2      | Found a hazy altar of Hepliaklqana.
  2730 | D:2      | Found an opulent altar of Gozag.
  2730 | D:2      | Found a shimmering altar of Xom.
  2732 | D:2      | Found a shimmering altar of Xom.
  2732 | D:2      | Found a shimmering altar of Xom.
  2732 | D:2      | Found a burning altar of Makhleb.
  3066 | D:3      | Reached XP level 5. HP: 26/28 MP: 12/14
  3262 | D:3      | Noticed a sky beast
  3329 | D:3      | Killed a sky beast
  3329 | D:3      | Reached skill level 5 in Spellcasting
  3329 | D:3      | Reached XP level 6. HP: 32/32 MP: 10/15
  3781 | D:3      | Learned a level 4 spell: Fulminant Prism
  4587 | D:4      | Found an ancient bone altar of Kikubaaqudgha.
  4631 | D:4      | Reached skill level 1 in Shields
  5099 | D:4      | Found Wuel's Weapon Emporium.
  5323 | D:4      | Reached XP level 7. HP: 33/36 MP: 12/17
  5686 | D:5      | Entered Level 5 of the Dungeon
  5702 | D:5      | Reached skill level 6 in Spellcasting
  6015 | D:5      | Reached skill level 1 in Fighting
  6095 | D:5      | Found a staircase to the Ecumenical Temple.
  6106 | Temple   | Entered the Ecumenical Temple
  6115 | Temple   | Became a worshipper of Vehumet
  6954 | D:6      | Reached skill level 5 in Translocations
  6954 | D:6      | Reached XP level 8. HP: 6/43 MP: 13/19
  7610 | D:6      | Reached skill level 1 in Hexes
  8328 | D:6      | Reached skill level 7 in Spellcasting
  8688 | D:7      | Reached * piety under Vehumet
  8688 | D:7      | Offered knowledge of Sting by Vehumet.
  8803 | D:7      | Reached XP level 9. HP: 49/49 MP: 22/22
  9866 | D:8      | Learned a level 3 spell: Dazzling Spray
 10143 | D:8      | Noticed Joseph
 10148 | D:8      | Killed Joseph
 10148 | D:8      | Reached skill level 8 in Spellcasting
 10329 | D:8      | Reached ** piety under Vehumet
 10329 | D:8      | Offered knowledge of Throw Frost by Vehumet.
 10335 | D:7      | Learned a level 2 spell: Throw Frost
 10486 | D:8      | Noticed FrancescoMac's ghost (novice HaHu)
 10492 | D:8      | Killed FrancescoMac's ghost
 10492 | D:8      | Reached skill level 10 in Conjurations
 10492 | D:8      | Reached skill level 5 in Hexes
 10492 | D:8      | Reached XP level 10. HP: 56/56 MP: 23/24
 10543 | D:8      | Reached skill level 1 in Ice Magic
 10638 | D:8      | Found Tualaaha's Antique Armour Boutique.
 10644 | D:8      | Bought a shiny buckler for 217 gold pieces
 10960 | D:8      | Reached skill level 5 in Dodging
 12104 | D:9      | Noticed a two-headed ogre
 12110 | D:9      | Killed a two-headed ogre
 12120 | D:9      | Offered knowledge of Conjure Flame by Vehumet.
 12125 | D:9      | Learned a level 3 spell: Conjure Flame
 12233 | D:9      | Reached skill level 9 in Spellcasting
 12447 | D:9      | Reached *** piety under Vehumet
 12531 | D:9      | Got a crude animal skin
 12550 | D:9      | Identified the cursed +1 animal skin of Protective Custody {Str+4} (You took it off an orc on level 9 of the Dungeon)
 12757 | D:9      | Noticed a two-headed ogre
 12766 | D:9      | Killed a two-headed ogre
 12766 | D:9      | Reached skill level 1 in Fire Magic
 12785 | D:9      | Reached XP level 11. HP: 62/62 MP: 18/26
 14008 | D:9      | Offered knowledge of Stone Arrow by Vehumet.
 14044 | D:9      | Found a staircase to the Orcish Mines.
 14230 | D:10     | Entered Level 10 of the Dungeon
 14233 | D:10     | Reached skill level 5 in Shields
 14522 | D:10     | Identified a scroll of acquirement
 14684 | D:10     | Noticed a two-headed ogre
 14692 | D:10     | Killed a two-headed ogre
 14692 | D:10     | Reached skill level 5 in Fighting
 15821 | D:10     | Found a staircase to the Lair.
 15972 | D:10     | Found an opulent altar of Gozag.
 16128 | D:10     | Reached **** piety under Vehumet
 16231 | Lair:1   | Entered Level 1 of the Lair of Beasts
 16251 | Lair:1   | Reached skill level 10 in Spellcasting
 16257 | Lair:1   | Offered knowledge of Venom Bolt by Vehumet.
 17421 | Lair:2   | Learned a level 2 spell: Shroud of Golubria
 17500 | Lair:2   | Reached XP level 12. HP: 51/68 MP: 28/28
 17706 | Lair:2   | Got a transparent scimitar
 17707 | Lair:2   | Identified the +7 scimitar of Bigeef {flame, MR+ Str+2} (You found it on level 2 of the Lair of Beasts)
 18415 | Lair:2   | Got an ancient hat
 18430 | Lair:2   | Identified the +2 hat of the Saviour {rPois rN+ Str-3} (You found it on level 2 of the Lair of Beasts)
 18600 | Lair:2   | Reached skill level 5 in Fire Magic
 18827 | Lair:3   | Reached ***** piety under Vehumet
 18950 | Lair:3   | Found a staircase to the Snake Pit.
 19040 | Lair:3   | Offered knowledge of Iron Shot by Vehumet.
 19050 | Lair:3   | Learned a level 6 spell: Iron Shot
 19138 | Lair:3   | Noticed zhorgal's ghost (journeyman FoFi)
 19143 | Lair:3   | Killed zhorgal's ghost
 19183 | Lair:3   | Reached skill level 1 in Earth Magic
 19754 | Lair:3   | Got a distressingly furry chain mail
 19840 | Lair:3   | Noticed a six-headed hydra
 19842 | Lair:3   | Killed a six-headed hydra
 20160 | Lair:3   | Reached skill level 11 in Spellcasting
 20461 | Lair:4   | Noticed a seven-headed hydra
 20464 | Lair:4   | Killed a seven-headed hydra
 20473 | Lair:4   | Noticed a four-headed hydra
 20805 | Lair:4   | Killed a four-headed hydra
 20954 | Lair:4   | Noticed a four-headed hydra
 20958 | Lair:4   | Killed a four-headed hydra
 20958 | Lair:4   | Reached XP level 13. HP: 74/74 MP: 25/30
 21852 | Lair:4   | Found a staircase to the Swamp.
 23405 | Lair:5   | Found a staircase to the Slime Pits.
 24341 | Lair:6   | Entered Level 6 of the Lair of Beasts
 24352 | Lair:6   | Noticed an entropy weaver
 24357 | Lair:6   | Killed an entropy weaver
 24543 | Lair:6   | Noticed an entropy weaver
 24556 | Lair:6   | Killed an entropy weaver
 25133 | Lair:5   | Offered knowledge of Bolt of Cold by Vehumet.
 25265 | Lair:5   | Learned a level 5 spell: Fireball
 25273 | Lair:6   | Reached XP level 14. HP: 82/82 MP: 12/31
 25703 | Lair:6   | Reached skill level 12 in Spellcasting
 25734 | Lair:6   | Reached skill level 10 in Dodging
 26261 | Lair:6   | Reached skill level 10 in Fire Magic
 27018 | Lair:6   | Offered knowledge of Bolt of Magma by Vehumet.
 28109 | D:11     | Noticed Urug
 28447 | D:11     | Killed Urug
 28828 | Orc:1    | Entered Level 1 of the Orcish Mines
 29136 | Orc:2    | Entered Level 2 of the Orcish Mines
 29616 | Orc:2    | Offered knowledge of Poison Arrow by Vehumet.
 30539 | Orc:2    | Found a roughly hewn altar of Beogh.
 30608 | Orc:2    | Paralysed by an orc sorcerer for 2 turns
 30612 | Orc:2    | Reached skill level 15 in Conjurations
 30892 | Orc:2    | Found Ogil's Food Emporium.
 30897 | Orc:2    | Bought a royal jelly for 26 gold pieces
 30897 | Orc:2    | Bought a royal jelly for 26 gold pieces
 30897 | Orc:2    | Bought a royal jelly for 26 gold pieces
 30897 | Orc:2    | Bought a meat ration for 65 gold pieces
 30897 | Orc:2    | Bought a royal jelly for 26 gold pieces
 30897 | Orc:2    | Bought a bread ration for 65 gold pieces
 30897 | Orc:2    | Bought a royal jelly for 26 gold pieces
 30902 | Orc:2    | Found Uzeiler's Assorted Antiques.
 30947 | Orc:2    | Bought a papyrus book for 585 gold pieces
 31532 | Orc:2    | Reached XP level 15. HP: 88/88 MP: 31/33
 31651 | Orc:2    | Found a staircase to the Elven Halls.
 32032 | Orc:2    | Noticed an orc warlord
 32051 | Orc:2    | Killed an orc warlord
 32240 | Orc:2    | Found a roughly hewn altar of Beogh.
 32373 | Orc:2    | Offered knowledge of Spellforged Servitor by Vehumet.
 32507 | Orc:2    | Found Fileytis's Magic Scroll Shoppe.
 32597 | Orc:2    | Found Qoejaac's Magic Scroll Emporium.
 32652 | Orc:2    | Bought 3 scrolls of fear for 147 gold pieces
 32652 | Orc:2    | Bought a scroll of blinking for 105 gold pieces
 32652 | Orc:2    | Bought a scroll of teleportation for 42 gold pieces
 32652 | Orc:2    | Bought a scroll of remove curse for 42 gold pieces
 32652 | Orc:2    | Bought a scroll of remove curse for 42 gold pieces
 32681 | Orc:2    | Bought a scroll of remove curse for 33 gold pieces
 32681 | Orc:2    | Bought a scroll of teleportation for 33 gold pieces
 32681 | Orc:2    | Bought a scroll of fear for 38 gold pieces
 32681 | Orc:2    | Bought a scroll of identify for 22 gold pieces
 32681 | Orc:2    | Bought a scroll of amnesia for 38 gold pieces
 32681 | Orc:2    | Bought a scroll of identify for 22 gold pieces
 32681 | Orc:2    | Bought a scroll of fear for 38 gold pieces
 32681 | Orc:2    | Bought a scroll of identify for 22 gold pieces
 32681 | Orc:2    | Bought a scroll of amnesia for 38 gold pieces
 32681 | Orc:2    | Bought a scroll of teleportation for 33 gold pieces
 32681 | Orc:2    | Bought a scroll of teleportation for 33 gold pieces
 32815 | Orc:2    | Bought a scroll labeled ZAMEUHUREPH for 39 gold pieces
 32815 | Orc:2    | Bought 3 scrolls labeled IGGANE ZIHIAHU for 117 gold pieces
 33135 | D:10     | Learned a level 7 spell: Spellforged Servitor
 33417 | D:12     | Got a pitted glass ring
 33422 | D:12     | Identified the ring "Isishrete" {rC+ Int+8} (You found it on level 12 of the Dungeon)
 33672 | D:12     | Reached skill level 13 in Spellcasting
 33801 | D:12     | Reached skill level 1 in Summonings
 34154 | D:13     | Noticed Josephine
 34162 | D:13     | Killed Josephine
 34759 | D:13     | Noticed Azrael
 35121 | D:13     | Killed Azrael
 35441 | D:13     | Upgraded the game from 0.20-a0-1025-g4706f7e to 0.20-a0-1026-gc3ddcbd
 35963 | D:13     | Found a gate to the Vaults.
 37129 | D:13     | Offered knowledge of Freezing Cloud by Vehumet.
 37779 | Snake:1  | Entered Level 1 of the Snake Pit
 37921 | Snake:1  | Noticed Aizul
 37926 | Snake:1  | Killed Aizul
 38234 | Snake:1  | Found a snail-covered altar of Cheibriados.
 38938 | Snake:1  | Reached skill level 5 in Summonings
 39261 | Snake:1  | Reached XP level 16. HP: 94/94 MP: 22/35
 42148 | Snake:2  | Found an opulent altar of Gozag.
 42155 | Snake:2  | Reached skill level 14 in Spellcasting
 42612 | Snake:2  | Offered knowledge of Ozocubu's Refrigeration by Vehumet.
 42785 | Snake:2  | Got an ichor-stained dagger {vamp}
 45215 | Snake:3  | Learned a level 6 spell: Bolt of Fire
 45367 | Snake:3  | Identified the Handbook of Toxins
 46070 | D:10     | Gained mutation: Scrolls take you a little longer to read. [potion of mutation]
 46070 | D:10     | Gained mutation: Your flesh is heat resistant. (rF+) [potion of mutation]
 46070 | D:10     | Gained mutation: Your natural rate of healing is unusually fast. [potion of mutation]
 46070 | D:10     | Gained mutation: You are partially covered in rugged brown scales. (AC +1, +3% HP) [potion of mutation]
 46499 | D:14     | Reached XP level 17. HP: 103/103 MP: 32/37
 46829 | D:15     | Entered Level 15 of the Dungeon
 48603 | D:15     | Reached ****** piety under Vehumet
 48752 | D:15     | Reached skill level 15 in Spellcasting
 49015 | D:15     | Found a staircase to the Depths.
 49384 | Elf:1    | Entered Level 1 of the Elven Halls
 51446 | Elf:1    | Offered knowledge of Lehudib's Crystal Spear by Vehumet.
 51446 | Elf:1    | Offered knowledge of Fire Storm by Vehumet.
 51446 | Elf:1    | Offered knowledge of Tornado by Vehumet.
 52308 | Snake:4  | Entered Level 4 of the Snake Pit
 52937 | Snake:4  | Reached XP level 18. HP: 110/110 MP: 25/39
 53248 | Snake:4  | Reached skill level 10 in Shields
 53316 | Snake:4  | Reached skill level 10 in Fighting
 55111 | Snake:4  | Reached skill level 16 in Spellcasting
 56013 | Swamp:1  | Entered Level 1 of the Swamp
 59419 | Swamp:3  | Reached XP level 19. HP: 115/115 MP: 27/41
 59525 | Swamp:3  | Reached skill level 17 in Spellcasting
 60314 | Swamp:4  | Entered Level 4 of the Swamp
 60491 | Swamp:3  | Reached skill level 15 in Fire Magic
 61923 | Swamp:4  | Noticed a bone dragon
 61956 | Swamp:4  | Killed a bone dragon
 63150 | Swamp:4  | Got a decaying rune of Zot
 63339 | D:10     | Learned a level 9 spell: Fire Storm
 64119 | Elf:2    | Found Ulakyn's Food Boutique.
 64125 | Elf:2    | Bought a royal jelly for 20 gold pieces
 64125 | Elf:2    | Bought a bread ration for 50 gold pieces
 64125 | Elf:2    | Bought a bread ration for 50 gold pieces
 64125 | Elf:2    | Bought a meat ration for 50 gold pieces
 64125 | Elf:2    | Bought a bread ration for 50 gold pieces
 64125 | Elf:2    | Bought a royal jelly for 20 gold pieces
 64125 | Elf:2    | Bought a bread ration for 50 gold pieces
 64125 | Elf:2    | Bought a meat ration for 50 gold pieces
 64125 | Elf:2    | Bought a bread ration for 50 gold pieces
 64592 | Elf:2    | Found a runed gate.
 64593 | Elf:2    | Found a runed gate.
 64594 | Elf:2    | Found a runed gate.
 64692 | Elf:2    | Reached skill level 18 in Spellcasting
 66496 | Snake:4  | Noticed Vashnia
 66503 | Snake:4  | Killed Vashnia
 67132 | Snake:4  | Reached XP level 20. HP: 120/120 MP: 24/44
 67559 | Snake:4  | Got a serpentine rune of Zot
 68656 | D:10     | Learned a level 7 spell: Monstrous Menagerie
 68775 | Vaults:1 | Entered Level 1 of the Vaults
 69042 | Vaults:1 | Reached skill level 15 in Dodging
 69766 | Vaults:1 | Reached skill level 19 in Spellcasting
 70624 | Vaults:1 | Found Kulock's General Store.
 71186 | Vaults:1 | Noticed Jorgrun
 71189 | Vaults:1 | Killed Jorgrun
 71601 | Vaults:2 | Reached skill level 10 in Summonings
 72250 | Vaults:2 | Reached XP level 21. HP: 127/127 MP: 45/46
 72514 | Vaults:2 | Found Fageyx's Armour Shoppe.
 72524 | Vaults:2 | Bought the +0 Maxwell's etheric cage {RegenMP+ *Contam rElec MP+4} for 720 gold pieces
 73026 | Vaults:2 | Reached skill level 20 in Spellcasting
 73323 | Vaults:2 | Noticed Frederick
 73327 | Vaults:2 | Killed Frederick
 73740 | Vaults:3 | Got a colourful robe
 73745 | Vaults:3 | Identified the +4 robe of Zaaluces {+Blink rC+} (You found it on level 3 of the Vaults)
 73801 | Vaults:3 | Noticed Bai Suzhen
 73805 | Vaults:3 | Killed Bai Suzhen
 74024 | Vaults:3 | Found a staircase to the Crypt.
 74024 | Vaults:3 | Found an ancient bone altar of Kikubaaqudgha.
 74025 | Vaults:3 | Found a basalt altar of Yredelemnul.
 74437 | D:10     | Upgraded the game from 0.20-a0-1026-gc3ddcbd to 0.20-a0-1034-gb277f92
 74709 | Vaults:3 | Got a pair of ancient boots
 74712 | Vaults:3 | Identified the +0 pair of boots "Hicefour" {Int+5 Slay+2} (You found it on level 3 of the Vaults)
 74766 | Vaults:3 | Reached skill level 1 in Evocations
 74904 | Vaults:3 | Noticed Boris
 74914 | Vaults:3 | Killed Boris
 75287 | Vaults:3 | Reached XP level 22. HP: 127/133 MP: 48/48
 76817 | Vaults:4 | Found a roughly hewn altar of Beogh.
 76918 | Vaults:4 | Found Inaxop's Gadget Emporium.
 77054 | Vaults:3 | Reached skill level 5 in Earth Magic
 77578 | Depths:1 | Entered Level 1 of the Depths
 77770 | Depths:1 | Reached skill level 5 in Evocations
 78055 | Depths:1 | Found a gateway to Hell.
 78305 | Depths:1 | Found a corrupted altar of Lugonu.
 78312 | Depths:1 | Identified Lugonu's Almanac of Arcane Weapons
 79142 | Depths:2 | Learned a level 8 spell: Lehudib's Crystal Spear
 79450 | Depths:2 | Noticed Mara
 79461 | Depths:2 | Noticed Megalobster's illusion
 80002 | Slime:1  | Entered Level 1 of the Pits of Slime
 81510 | Slime:4  | Reached skill level 5 in Stealth
 81572 | Slime:4  | Reached skill level 21 in Spellcasting
 81600 | Slime:4  | Reached XP level 23. HP: 140/140 MP: 37/50
 81787 | Slime:5  | Entered Level 5 of the Pits of Slime
 81956 | Slime:5  | Noticed the Royal Jelly
 81966 | Slime:5  | Killed the Royal Jelly
 82198 | Slime:5  | Got a slimy rune of Zot
 82351 | Slime:5  | Got a crude troll leather armour
 82354 | Slime:5  | Identified the +3 troll leather armour "Tiud" {Regen+ Str+9 Dex+7 Slay-3} (You found it on level 5 of the Pits of Slime)
 82839 | Depths:2 | Killed Mara
 83960 | Depths:3 | Noticed a caustic shrike
 83968 | Depths:3 | Killed a caustic shrike
 84359 | Depths:3 | Reached XP level 24. HP: 126/147 MP: 50/50
 84576 | Depths:3 | Noticed a juggernaut
 84585 | Depths:3 | Killed a juggernaut
 85125 | Depths:3 | Found a runed door.
 85926 | Depths:3 | Found a one-way gate leading to the halls of Pandemonium.
 86045 | Depths:3 | Found a gateway to a ziggurat.
 86160 | Depths:3 | Identified the Volume of Transmigration and the Compass
 86190 | Depths:3 | Learned a level 7 spell: Orb of Destruction
 86195 | Depths:3 | Identified the Incunabulum of Weightlessness
 86568 | D:10     | Learned a level 7 spell: Spellforged Servitor
 86808 | Vaults:5 | Entered Level 5 of the Vaults
 86810 | Vaults:5 | Reached skill level 22 in Spellcasting
 86814 | Vaults:5 | Reached skill level 10 in Earth Magic
 86832 | Vaults:5 | Noticed an ancient lich
 86839 | Vaults:5 | Killed an ancient lich
 86844 | Vaults:5 | Reached XP level 25. HP: 126/154 MP: 21/51
 86974 | Vaults:5 | Lost mutation: Your natural rate of healing is unusually fast. [mutagenic glow]
 86974 | Vaults:5 | Gained mutation: You do not regenerate when monsters are visible. [mutagenic glow]
 87020 | Vaults:4 | Gained mutation: Armour fits poorly on your strangely shaped body. [mutagenic glow]
 87921 | Vaults:5 | Got an iridescent spear
 87924 | Vaults:5 | Identified the cursed +1 spear "Giozoam" {venom, rF+ rN+} (You found it on level 5 of the Vaults)
 88816 | Vaults:5 | Got a silver rune of Zot
 89800 | Depths:4 | Reached skill level 10 in Evocations
 89914 | Depths:4 | Found a one-way gate to the infinite horrors of the Abyss.
 90040 | Depths:4 | Noticed a juggernaut
 90045 | Depths:4 | Killed a juggernaut
 90278 | Depths:4 | Reached skill level 10 in Stealth
 90473 | Depths:4 | Reached XP level 26. HP: 160/160 MP: 51/51
 90706 | Depths:4 | Got a faintly glowing hand axe
 90709 | Depths:4 | Identified the +4 hand axe of the Skies Above {chop, +Inv rPois MR- Dex+5} (You found it on level 4 of the Depths)
 90933 | Depths:4 | Reached skill level 15 in Stealth
 91003 | Depths:4 | Got a polished glaive
 91266 | Depths:5 | Entered Level 5 of the Depths
 91295 | Depths:5 | Found Ejeinid's Jewellery Shop.
 91760 | Depths:5 | Upgraded the game from 0.20-a0-1034-gb277f92 to 0.20-a0-1039-gf554463
 92196 | Depths:5 | Found a gate to the Realm of Zot.
 92664 | D:10     | Learned a level 8 spell: Disjunction
 92886 | Elf:3    | Entered Level 3 of the Elven Halls
 93918 | Elf:3    | Got a flickering iron ring
 94189 | Elf:3    | Identified the ring of Rydauveyl {+Blink rC+ rN+ Str+5} (You took it off a deep elf annihilator on level 3 of the Elven Halls)
 94211 | Elf:3    | Got an ichor-stained scimitar {slice}
 94215 | Elf:3    | Got a pitted war axe {holy}
 94228 | Elf:3    | Got a scorched shortbow
 94276 | Elf:3    | Got a dazzling hand axe {vamp}
 94686 | D:10     | Identified the +0 war axe of Greatest Utility {holy, *Noise rN+ Int+3 Dex+3} (You took it off a deep elf annihilator on level 3 of the Elven Halls)
 94688 | D:10     | Identified the +7 hand axe "Amemyut" {vamp, MR- Str+7 SInv} (You took it off a deep elf death mage on level 3 of the Elven Halls)
 94690 | D:10     | Identified the cursed +0 scimitar of the Boiling Point {slice, +Fly Dex+6} (You took it off a deep elf annihilator on level 3 of the Elven Halls)
 94692 | D:10     | Identified the +8 shortbow of a wizard's laboratory {freeze, -Tele +Fly rElec rC++} (You found it on level 3 of the Elven Halls)
 94706 | D:10     | Identified the +7 dagger "Lek Mesm" {vamp, Dex+3} (You took it off a naga on level 2 of the Snake Pit)
 94972 | Crypt:1  | Entered Level 1 of the Crypt
 95455 | Crypt:1  | Noticed Margery
 95460 | Crypt:1  | Killed Margery
 95525 | Crypt:1  | Got an ancient dagger
 95528 | Crypt:1  | Identified the +3 dagger of the Nights {pierce, +Blink Str+4} (You found it on level 1 of the Crypt)
 95578 | Crypt:1  | Reached XP level 27. HP: 50/168 MP: 44/51
 96015 | Crypt:1  | Reached skill level 10 in Translocations
 96442 | Crypt:1  | Noticed Sojobo
 96723 | Crypt:1  | Killed Sojobo
 97143 | Crypt:2  | Reached skill level 1 in Armour
 97283 | Crypt:2  | Noticed a greater mummy
 97290 | Crypt:2  | Noticed Khufu
 97291 | Crypt:2  | Noticed a greater mummy
 97614 | Crypt:2  | Killed Khufu
 98006 | Crypt:2  | Killed a greater mummy
 98061 | Crypt:2  | Killed a greater mummy
 98474 | Crypt:3  | Entered Level 3 of the Crypt
 98692 | Crypt:3  | Reached skill level 5 in Armour
 99104 | Crypt:3  | Identified the Grimoire of Black Secrets
 99591 | Crypt:3  | Found an ancient bone altar of Kikubaaqudgha.
 99870 | Crypt:3  | Found a staircase to the Tomb.
 99997 | Crypt:3  | Got a dazzling ring mail
100000 | Crypt:3  | Identified the +3 ring mail "Hammay" {Regen+} (You found it on level 3 of the Crypt)
100477 | Crypt:3  | Got a glittering lead ring
100483 | Crypt:3  | Identified the ring of Boshry {rF+ rN+} (You took it off a necromancer on level 3 of the Crypt)
100515 | Crypt:3  | Got a transparent lapis lazuli ring
100518 | Crypt:3  | Identified the ring of Hummewk {rN+ MR+ Dex+4 SInv} (You took it off a necromancer on level 3 of the Crypt)
100577 | Crypt:3  | Noticed an ancient lich
100582 | Crypt:3  | Killed an ancient lich
100649 | Crypt:3  | Got a fine pewter ring
100660 | Crypt:3  | Identified the ring "Anepp" {+Blink Str+5 Int+2} (You found it on level 3 of the Crypt)
100663 | Crypt:3  | Got a glittering glass ring
100666 | Crypt:3  | Identified the ring of Xoroju {*Corrode rN+ MR++ Stlth+} (You found it on level 3 of the Crypt)
101201 | D:8      | Bought a dazzling leather armour for 203 gold pieces
101203 | D:8      | Identified the +4 leather armour "Sacsyts" {Str+5 Int+2} (You bought it in a shop on level 8 of the Dungeon)
101403 | Lair:5   | Identified the +4 chain mail of Hospitality {rElec Regen+ Dex-5} (You found it on level 3 of the Lair of Beasts)
101532 | D:10     | Lost mutation: Scrolls take you a little longer to read. [potion of mutation]
101532 | D:10     | Lost mutation: You do not regenerate when monsters are visible. [potion of mutation]
101532 | D:10     | Lost mutation: Your flesh is heat resistant. (rF+) [potion of mutation]
101532 | D:10     | Lost mutation: Armour fits poorly on your strangely shaped body. [potion of mutation]
101532 | D:10     | Gained mutation: Your body sometimes deteriorates upon taking damage. [potion of mutation]
101532 | D:10     | Gained mutation: You are somewhat resistant to further mutation. [potion of mutation]
101533 | D:10     | Lost mutation: You are partially covered in rugged brown scales. (AC +1, +3% HP) [potion of mutation]
101533 | D:10     | Lost mutation: Your body sometimes deteriorates upon taking damage. [potion of mutation]
101534 | D:10     | Lost mutation: You are somewhat resistant to further mutation. [potion of mutation]
101534 | D:10     | Gained mutation: You have sharp fingernails. [potion of mutation]
101534 | D:10     | Gained mutation: You have sharp toenails. [potion of mutation]
101534 | D:10     | Gained mutation: You are partially covered in yellow scales. (AC +2) [potion of mutation]
101873 | Zot:1    | Entered Level 1 of the Realm of Zot
103485 | D:10     | Learned a level 2 spell: Swiftness
103931 | Crypt:3  | Reached skill level 15 in Translocations
103984 | Tomb:1   | Entered Level 1 of the Tomb of the Ancients
104247 | Tomb:1   | Reached skill level 15 in Fighting
104596 | Tomb:1   | Noticed a greater mummy
104596 | Tomb:1   | Noticed a greater mummy
104601 | Tomb:1   | Killed a greater mummy
104603 | Tomb:1   | Noticed a greater mummy
104604 | Tomb:1   | Killed a greater mummy
104604 | Tomb:1   | Killed a greater mummy
105178 | Tomb:1   | Reached skill level 23 in Spellcasting
106220 | Tomb:2   | Noticed a greater mummy
106220 | Tomb:2   | Noticed a greater mummy
106220 | Tomb:2   | Noticed a greater mummy
106220 | Tomb:2   | Noticed a greater mummy
106228 | Tomb:2   | Killed a greater mummy
106231 | Tomb:2   | HP: 11/247 [something] (12)]
106233 | Tomb:2   | HP: 2/246 [death scarab[a greater mummy] (9)]
106234 | Tomb:2   | Engulfed by an ushabti's foul pestilence

Vault maps used:
D:1:      shiori_arrival_elements
D:2:      first_bread, grunt_ministairs_15, doesnt_xom_only_xom
D:4:      nicolae_overflow_crystal_walls, serial_shops, shop
D:5:      temple_hall
D:8:      serial_shops, shop, david_nohive_1, uniq_joseph
D:9:      erik_orc_1, minmay_guarded_unrand_finisher
D:10:     lair_entry_dummy, wad_woods_river_04, grunt_gozag_breadcrumbs
D:11:     uniq_urug
D:12:     unseen_surprise_small
D:13:     minmay_smoke_and_mirrors, david_vaults_4, uniq_azrael, uniq_josephine
D:14:     glass_columns_b
D:15:     gammafunk_enter_depths_forms, minmay_misc_feat_encased
Temple:   compressed_dpeg_triangle_lava_temple
Lair:2:   lemuel_ratsnest
Lair:3:   guppyfry_snake_entry_garden, minmay_lair_oklob_chamber
Lair:4:   swamp_mist_pool, guppyfry_lair_drakes
Lair:5:   pond_and_an_island_with_a_cottage, nicolae_slime_entry_slimehenge,
          serial_forest, infiniplex_forest_lined_corner,
          infiniplex_forest_lined_room_2, infiniplex_forest_end_2,
          infiniplex_forest_lined_room_2, infiniplex_forest_clump_double,
          infiniplex_forest_lined_3, infiniplex_forest_lined_3,
          infiniplex_forest_straight_1, infiniplex_forest_clump_small
Lair:6:   grunt_lair_end_beastmaster, portal_ice_cave_entry_animals_and_master,
          minmay_another_anthill
Swamp:1:  nicolae_swamp_fairy_circle
Swamp:2:  hangedman_swamp_pad, swamp_pool1
Swamp:3:  infiniplex_staircase_pool
Swamp:4:  swamp_pestilence
Snake:1:  basic_altar, serial_bayou_lagoon_a, grunt_ministairs_14,
          grunt_megastairs_2, uniq_aizul
Snake:2:  basic_altar, lemuel_fruit_tree
Snake:3:  grunt_megastairs_1
Snake:4:  johnstein_snake_rune_scales, uniq_vashnia
Slime:1:  cheibrodos_slime_lost_civilization_3,
          cheibrodos_slime_lost_civilization_4
Orc:2:    pubby_orc_utopia, serial_shops
Elf:1:    kennysheep_underground_church
Elf:2:    serial_glass, glass_columns_a, glass_columns_a, serial_shops, shop,
          st_stairs_8
Elf:3:    minmay_elf_hall
Vaults:1: nicolae_vaults_big_angled_halls, vaults_mumra_minichess_inversion,
          vaults_room_semicircle, vaults_room_semicircle,
          hangedman_vaults_unwind, nicolae_vaults_network_s,
          ontoclasm_vaults_ligature, grunt_vaults_hallway_short,
          nicolae_vaults_little_squares_1, nicolae_vaults_yaktaur_gun_rack,
          vaults_standard_mumra_x, v_rooms_2, nicolae_vaults_rhombus_5,
          ontoclasm_vaults_ring_small, serial_shops, shop, uniq_jorgrun
Vaults:2: nicolae_vaults_halls_meeting, nicolae_vaults_mini_display_case,
          ontoclasm_vaults_eye, nicolae_vaults_specimen_jars,
          grunt_vaults_twisty, v_misc_2, hangedman_vaults_impose,
          dpeg_vaults_monster_box, vaults_room_door_ring,
          ontoclasm_vaults_shuriken, v_pattern_4, grunt_vaults_diagonal,
          serial_shops, shop, uniq_frederick
Vaults:3: nicolae_vaults_what_the_h, nicolae_vaults_little_squares_6,
          v_alt_pattern_3, nicolae_vaults_big_ls, nicolae_vaults_rhombus_7,
          vaults_room_guarded_vault, v_alt_pattern_2, hangedman_vaults_cutoff,
          vaults_mumra_hexcomb, grunt_vaults_focal, vaults_room_fours,
          vaults_dpeg_diagonal, minmay_crypt_entry_necro_gods,
          nicolae_vaults_ring_of_whatevers, uniq_boris, uniq_bai_suzhen
Vaults:4: v_alt_pattern_6, v_rooms_3, nicolae_vaults_network_quinsquares,
          special_room_vaults, v_misc_15, nicolae_vaults_stairing_the_circle,
          hangedman_vaults_cutoff, ontoclasm_vaults_chip,
          vaults_room_ringed_pool, grunt_vaults_hallway_short, v_misc_22,
          nicolae_vaults_little_squares_1, vaults_room_pool, serial_shops, shop
Crypt:1:  minmay_guarded_unrand_skullcrusher, uniq_margery, uniq_sojobo
Crypt:2:  uniq_khufu
Crypt:3:  evilmike_haunted_forest
Depths:1: serial_sigils, serial_sigils_hangedman_confine,
          serial_sigils_hangedman_gut, serial_sigils_hangedman_scar,
          serial_sigils_hangedman_leer, serial_sigils_hangedman_gut,
          serial_sigils_hangedman_writhe, hangedman_decor_points, hell_entry,
          tgw_lugonu_bribe
Depths:2: cross_vault, hell_entry, st_stairs_9, uniq_mara
Depths:3: box_level_dp, hell_entry, pan_entry
Depths:4: grunt_bent_corner, hangedman_abyss_entry_splay,
          minmay_misc_feat_enclosed, grunt_hell_horde, pan_entry, spider_trap,
          minmay_serpent_palace
Depths:5: grunt_zot_entry_gee_three, serial_shops, nicolae_shop_trees,
          pf_hell_entry_tar_spiral

Skill      XL: |  1  2  3  4  5  6  7  8  9 10 11 12 13 14 15 16 17 18 19 20 21 22 23 24 25 26 27 |
---------------+----------------------------------------------------------------------------------+-----
Conjurations   | 5 6 7 8 10 12 14 15 16 17 18 19 20 21 22 | 22.7
Spellcasting   | 4 5 6 7 8 9 10 11 12 13 14 15 16 18 19 20 21 22 23 | 23.0
Translocations | 2 3 5 6 9 15 | 15.6
Shields        | 1 2 3 4 5 6 7 8 9 10 11 12 13 | 13.2
Fighting       | 1 2 3 4 5 6 7 8 9 10 11 12 13 14 15 | 15.3
Hexes          | 3 5 6 7 9 |  9.2
Dodging        | 4 6 7 8 9 10 11 12 13 14 15 16 17 18 | 18.7
Ice Magic      | 2 |  2.3
Fire Magic     | 1 4 6 9 11 12 13 14 16 17 18 19 20 | 20.4
Earth Magic    | 2 3 6 8 10 11 12 | 12.7
Summonings     | 5 6 8 9 10 11 | 11.0
Evocations     | 2 6 10 | 10.8
Stealth        | 5 7 12 15 | 15.8
Armour         | 9 |  9.8

Action                   |  1- 3 |  4- 6 |  7- 9 | 10-12 | 13-15 | 16-18 | 19-21 | 22-24 | 25-27 || total
-------------------------+-------+-------+-------+-------+-------+-------+-------+-------+-------++-------
Melee: Dagger            |       |     3 |       |   330 |       |       |       |       |       ||   333
       Scimitar          |       |       |       |    11 |    24 |    14 |       |       |       ||    49
       Staff             |       |       |       |       |     1 |     1 |     1 |       |     3 ||     6
 Cast: Magic Dart        |    65 |    73 |    69 |   101 |    65 |       |       |       |       ||   373
       Searing Ray       |     6 |    17 |    19 |    54 |     2 |       |       |       |       ||    98
       Iskenderun's Myst |       |     5 |    14 |    29 |   152 |   416 |   278 |    26 |       ||   920
       Force Lance       |       |       |    22 |    61 |   132 |   113 |   152 |    48 |    69 ||   597
       Fulminant Prism   |       |       |    37 |   111 |   112 |    96 |    28 |     6 |       ||   390
       Throw Frost       |       |       |       |    37 |    30 |       |       |       |       ||    67
       Dazzling Spray    |       |       |       |     5 |    10 |     5 |     3 |     1 |       ||    24
       Shroud of Golubri |       |       |       |     1 |     2 |     3 |     1 |       |       ||     7
       Iron Shot         |       |       |       |    22 |   184 |   187 |    28 |    49 |    48 ||   518
       Fireball          |       |       |       |       |    74 |    75 |    28 |    37 |    28 ||   242
       Conjure Flame     |       |       |       |       |    11 |    13 |       |       |       ||    24
       Spellforged Servi |       |       |       |       |     3 |    12 |     5 |     2 |    18 ||    40
       Bolt of Fire      |       |       |       |       |       |    49 |   161 |   268 |   304 ||   782
       Fire Storm        |       |       |       |       |       |       |   109 |   123 |   130 ||   362
       Monstrous Menager |       |       |       |       |       |       |     5 |     3 |     3 ||    11
       Lehudib's Crystal |       |       |       |       |       |       |       |    42 |    99 ||   141
       Orb of Destructio |       |       |       |       |       |       |       |     4 |   227 ||   231
       Disjunction       |       |       |       |       |       |       |       |       |     2 ||     2
 Abil: Evoke Blink       |       |       |       |       |       |       |       |     2 |     5 ||     7
Evoke: Wand              |       |       |       |       |       |     1 |     2 |     1 |       ||     4
       Lightning rod     |       |       |       |       |       |       |       |       |     2 ||     2
  Use: Potion            |       |     1 |       |     1 |     9 |     5 |     1 |     7 |    13 ||    37
       Scroll            |       |       |     7 |    16 |    20 |    10 |    12 |     7 |    27 ||    99
 Stab: Distracted        |       |       |       |       |       |     1 |       |       |       ||     1
  Eat: Chunk             |     1 |     7 |     3 |    17 |    31 |    13 |    50 |    23 |     7 ||   152
       Royal jelly       |     1 |     2 |     1 |     6 |     8 |     9 |     1 |     6 |     8 ||    42
       Bread ration      |       |       |     4 |       |     5 |     5 |     8 |     3 |     8 ||    33
       Meat ration       |       |       |       |     1 |     6 |     5 |     2 |     3 |     3 ||    20
       Fruit             |       |       |       |     5 |     6 |    19 |     2 |       |     4 ||    36
Armor: Robe              |     1 |     9 |     3 |    15 |    16 |    20 |    21 |     3 |     3 ||    91
       Skin              |       |       |       |       |       |       |       |       |    17 ||    17
Dodge: Dodged            |     6 |    27 |    17 |    50 |   117 |   138 |   113 |    42 |    81 ||   591
       Deflected         |       |       |       |       |     4 |    38 |    24 |     8 |       ||    74
Block: Buckler           |       |     5 |     5 |    21 |    76 |   114 |    86 |    39 |    66 ||   412
       Reflection        |       |       |       |       |     6 |    33 |    28 |    21 |    27 ||   115
       Rpst.: Scimitar   |       |       |       |     4 |    15 |     4 |       |       |       ||    23
